 Dungeon Crawl Stone Soup version 0.19-a0-1932-g59670f6 (webtiles) character file.

462814 tsouns the Sorcerer (level 23, -2/128 HPs)
             Began as a Spriggan Fire Elementalist on Oct 18, 2016.
             Was the Champion of Ashenzari.
             Splashed by a caustic shrike's acid (4 damage)
             ... on level 2 of the Depths on Oct 25, 2016.
             The game lasted 05:21:30 (59978 turns).

tsouns the Sorcerer (Spriggan Fire Elementalist)   Turns: 59978, Time: 05:21:31

Health: -2/128     AC: 12    Str:  6    XL:     23   Next: 39%
Magic:  1/67       EV: 37    Int: 33    God:    Ashenzari [******]
Gold:   2498       SH: 11    Dex: 26    Spells: 16 memorised, 13 levels left

rFire  + + .     SeeInvis +     I - +9 hand crossbow of the Many Ships {penet, rElec rF+ Dex+4} (curse)
rCold  . . .     Gourm    .     a - +6 mottled dragon scales (curse)
rNeg   + . .     Faith    .     v - +1 buckler "Tazxidd" {rCorr Slay+3 SInv} (curse)
rPois  +         Spirit   .     K - +1 hat {SInv} (curse)
rElec  +         Reflect  .     Z - +1 cloak of the Okapi {rPois rF+ rN+} (curse)
rCorr  +         Harm     +     (gloves unavailable)
MR     ++++.     Clarity  +     (boots unavailable)
Stlth  +++++++++.               k - amulet "Fofef" {Harm *Drain rElec Int+4 SInv} (curse)
                                F - ring "Jiohuat" {Wiz Int+4} (curse)
                                h - ring of magical power (curse)

@: corroded, very slightly contaminated, very quick
A: unfitting armour, claws 1, fangs 1, thin skeletal structure 1, see invisible,
agile 1, clarity, herbivore 3, speed 3, high mp 1, electricity resistance, slow
metabolism 2, strong 1, wild magic 2, evolution 1, sturdy frame 1
a: Curse Item, Scrying, Transfer Knowledge, Renounce Religion
}: 2/15 runes: decaying, serpentine


You were on level 2 of the Depths.
You worshipped Ashenzari.
Ashenzari was exalted by your worship.
You were not hungry.

You visited 8 branches of the dungeon, and saw 40 of its levels.
You also visited: Ice Cave and Volcano.

You collected 5139 gold pieces.
You spent 2641 gold pieces at shops.

Inventory:

Hand Weapons
 I - the cursed +9 hand crossbow of the Many Ships (weapon) {penet, rElec rF+ Dex+4}
   (You found it on level 6 of the Dungeon)

   Ammo fired by it will pass through the targets it hits, potentially hitting
   all targets in its path until it reaches maximum range.
   It affects your dexterity (+4).
   It protects you from fire.
   It insulates you from electricity.
   It has a curse placed upon it.
Missiles
 i - 7 throwing nets
 J - 2007 bolts (quivered)
Armour
 a - cursed +6 mottled dragon scales (worn)
 v - the cursed +1 buckler "Tazxidd" (worn) {rCorr Slay+3 SInv}
   (You acquired it on level 3 of the Lair of Beasts)

   It affects your accuracy and damage with ranged weapons and melee attacks
   (+3).
   It lets you see invisible.
   It protects you from acid and corrosion.
   It has a curse placed upon it.
 G - a +1 cloak of invisibility
 K - a cursed +1 hat of see invisible (worn)
 Z - the cursed +1 cloak of the Okapi (worn) {rPois rF+ rN+}
   (You acquired it on level 3 of the Swamp)

   It protects you from fire.
   It protects you from poison.
   It protects you from negative energy.
   It has a curse placed upon it.
Jewellery
 h - a cursed ring of magical power (left claw)
 k - the cursed amulet "Fofef" (around neck) {Harm *Drain rElec Int+4 SInv}
   (You acquired it on level 3 of the Vaults)

   [amulet of harm]

   It increases damage dealt and taken.
   It affects your intelligence (+4).
   It insulates you from electricity.
   It lets you see invisible.
   It causes draining when unequipped.
   It has a curse placed upon it.
 F - the cursed ring "Jiohuat" (right claw) {Wiz Int+4}
   (You bought it in a shop on level 13 of the Dungeon)

   [ring of wizardry]

   It improves your spell success rate.
   It affects your intelligence (+4).
   It has a curse placed upon it.
 V - an uncursed ring of positive energy
Wands
 b - a wand of paralysis (10/24)
 r - a wand of iceblast (5/15)
 t - a wand of hasting (2/9)
 y - a wand of digging (14/24)
 M - a wand of disintegration (8/24)
 P - a wand of teleportation (8/9)
 R - a wand of lightning (5/15)
Scrolls
 f - 19 scrolls of remove curse
 n - 14 scrolls of teleportation
 x - 12 scrolls of identify
 C - 5 scrolls of fear
 E - 2 scrolls of amnesia
 H - 6 scrolls of magic mapping
 N - a scroll of blinking
 O - 10 scrolls of recharging
 T - 4 scrolls of holy word
 U - 2 scrolls of fog
 Y - 2 scrolls of summoning
Potions
 d - 15 potions of curing
 e - 6 potions of flight
 l - 4 potions of agility
 m - 8 potions of haste
 o - 3 potions of ambrosia
 p - 9 potions of brilliance
 q - 4 potions of cure mutation
 s - 4 potions of might
 u - a potion of magic
 B - 15 potions of heal wounds
 D - 4 potions of cancellation
 Q - 3 potions of resistance
 S - a potion of invisibility
Miscellaneous
 z - a disc of storms
 A - a fan of gales
 L - 2 sacks of spiders
 W - a lamp of fire
 X - 2 boxes of beasts
Comestibles
 c - 21 bread rations
 g - 8 royal jellies
 j - 13 fruits


   Skills:
 + Level 16.0 Fighting
   Level 2.4 Short Blades
 + Level 6.5(11.0) Crossbows
 + Level 6.1 Armour
 + Level 18.9(22.5) Dodging
 + Level 17.0(20.8) Stealth
 + Level 5.8(8.9) Shields
 - Level 24.8 Spellcasting
 - Level 12.2(16.3) Conjurations
 - Level 3.0(6.8) Hexes
 - Level 2.0(5.3) Charms
 - Level 6.6(11.1) Summonings
 - Level 2.2(5.6) Necromancy
 - Level 1.7(4.8) Translocations
 - Level 9.8(14.1) Fire Magic
 - Level 1.6(4.7) Air Magic
 - Level 2.0(5.3) Earth Magic
   Level 1.4(4.3) Poison Magic
 - Level 7.7(12.2) Evocations


You had 13 spell levels left.
You knew the following spells:

 Your Spells              Type           Power        Failure   Level  Hunger
a - Flame Tongue          Conj/Fire      #####        1%          1    None
b - Throw Flame           Conj/Fire      ######       1%          2    None
c - Conjure Flame         Conj/Fire      ########     1%          3    None
d - Sticky Flame          Conj/Fire      ########     1%          4    None
e - Repel Missiles        Chrm/Air       ######       1%          2    None
f - Blink                 Tloc           N/A          1%          2    None
g - Call Imp              Summ           ########     1%          2    None
h - Fireball              Conj/Fire      ########..   1%          5    None
i - Spellforged Servitor  Conj/Summ      ########..   3%          7    None
j - Tukima's Dance        Hex            #######.     1%          3    None
k - Inner Flame           Hex/Fire       ########     1%          3    None
l - Confuse               Hex            #######.     1%          3    None
m - Bolt of Magma         Conj/Fire/Erth ########..   1%          5    None
n - Orb of Destruction    Conj           ########..   1%          7    None
o - Regeneration          Chrm/Necr      #######...   1%          3    None
p - Shadow Creatures      Summ           N/A          1%          6    None


Dungeon Overview and Level Annotations

Branches:
Dungeon (15/15)            Temple (0/1) D:7            Lair (6/6) D:10
  Swamp (4/4) Lair:4        Snake (4/4) Lair:2        Slime (0/5) Lair:6
    Orc (2/2) D:10            Elf (3/3) Orc:2        Vaults (4/5) D:14
  Crypt (0/3) Vaults:2     Depths (2/5) D:15

Altars:
Ashenzari
Cheibriados
Dithmenos
Elyvilon
Fedhas
Gozag
Nemelex Xobeh
Okawaru
Ru
Trog
Uskayaw
Vehumet
Xom
Yredelemnul
Zin
The Shining One
Beogh

Shops:
D:13 =   Orc:2 :?(!:   Vaults:1 ?   Vaults:2 *   Vaults:3 (

Portals:
Hell: Depths:1 Depths:2
Pandemonium: Orc:2 Depths:2

Annotations:
Elf:2 5 runed doors


Innate Abilities, Weirdness & Mutations

You are very small and have problems with some larger weapons.
You are too small for most types of armour.
You have supernaturally acute eyesight. (SInv)
You are a herbivore.
You cover ground extremely quickly.
You need consume almost no food.
You have sharp fingernails.
You have very sharp teeth.
You have a somewhat thin skeletal structure. (Dex +2, Stealth)
You are agile. (Dex +2)
You possess an exceptional clarity of mind.
You have an increased reservoir of magic. (+10% MP)
You are resistant to electric shocks. (rElec)
Your muscles are strong. (Str +2)
Your spells are harder to cast, but more powerful.
You evolve.
Your movements are slightly less encumbered by armour. (ER -2)


Message History

Casting: Bolt of Magma
Confirm with . or Enter, or press ? or * to list all spells.
Aiming: Bolt of Magma
Press: ? - help, Shift-Dir - straight line, f - iron dragon
Aim: an iron dragon (almost dead, catching its breath)
The bolt of magma hits the caustic shrike.
The caustic shrike partially resists.
The caustic shrike is severely wounded.
The bolt of magma hits the iron dragon.
The iron dragon partially resists.
You kill the iron dragon!
Your Fighting skill increases to level 16!
The caustic shrike burns!
The caustic shrike claws you!!
* * * LOW HITPOINT WARNING * * *
You are splashed with acid!
The acid burns!
You resist.
* * * LOW HITPOINT WARNING * * *
You block the caustic shrike's attack. The caustic shrike claws you!!
* * * LOW HITPOINT WARNING * * *
You are splashed with acid!
The acid burns!
You resist.
You die...

..........^..........#...#∆ ,,, *
##.....#....##.).....#...#{' ,
.....##......#.......#.#.#, {,
.....##......#...........#∆*{,.
....#....M...#......###### #'# *
.............#......#....# ....**
.........V...#....####'###.§...*,
.....###...(.#....#8#....#..#.. ,
.....#......##..@b#('....[)....*
....##...>..#.###.)X#....#..... ,
.#'##.....z.###...#[#....#*#'## *
##^.....##'##...)#####÷###*{ ..*,
#.......+...([.[.#∆#.....# # ,
#.......#......#.# #(....#{ , , ,
##......#....#'#.#.'.⌠#..+, ,
#.....##...##...#.#.....#,* , ,,
##....'....#....#$#.....# ****


You could see a tentacled monstrosity and a caustic shrike (burning).

Vanquished Creatures
  Bai Suzhen (Vaults:3)
  the Enchantress (Depths:1)
  Nikola (Snake:2)
  A bone dragon (Vaults:2)
  A lich (Vaults:1)
  2 tentacled monstrosities
  2 deep elf master archers (Elf:3)
  Asterion (Depths:1)
  A deep elf blademaster (Elf:3)
  A sphinx (Depths:2)
  Frances (D:13)
  A storm dragon (Depths:2)
  A tengu reaver (Vaults:4)
  A thorn hunter (Swamp:3)
  Donald (Vaults:1)
  6 nagarajas
  A caustic shrike zombie (Depths:2)
  Louise (Swamp:2)
  2 fire giants
  13 vault wardens
  7 deep elf sorcerers
  A frost giant (D:15)
  2 iron dragons
  Aizul (Elf:1)
  A ghoul (Vaults:4)
  9 ironheart preservers
  A war gargoyle (Vaults:4)
  2 deep elf elementalists (Elf:3)
  3 spriggan defenders
  6 stone giants
  An entropy weaver (Vaults:1)
  2 vampire knights
  The ghost of p0werm0de the Black Belt, a journeyman OpAr of Ru (Lair:6)
  9 very ugly things
  A caustic shrike skeleton (Depths:2)
  8 deep elf annihilators
  Azrael (D:15)
  7 deep elf demonologists
  8 deep elf death magi (Elf:3)
  Snorg (D:10)
  A crystal guardian (Vaults:4)
  9 ettins
  A merfolk javelineer (Depths:1)
  The ghost of kae the Pandemonic, a journeyman FoFi of Makhleb (D:11)
  2 green deaths (Swamp:4)
  5 fire dragons
  3 deep elf high priests
  Fannar (Lair:1)
  16 yaktaur captains
  14 hydras
  5 rakshasas
  15 vault guards
  8 great orbs of eyes
  3 ghost crabs
  8 ice dragons
  3 spriggan air magi (Depths:1)
  A hydra (shapeshifter) (Elf:3)
  Erica (D:10)
  A death knight (Vaults:4)
  19 naga warriors
  17 dancing weapons
  12 centaur warriors
  8 alligators
  2 deep troll shamans
  14 ogre magi
  2 deep troll earth magi
  4 tengu warriors
  2 spriggan berserkers
  11 naga sharpshooters
  8 shock serpents
  7 orc high priests (Orc:2)
  20 deep elf knights
  A sun demon (Orc:2)
  A storm dragon zombie (Vaults:3)
  A small abomination (Elf:1)
  A spriggan druid (Swamp:4)
  A storm dragon skeleton (Vaults:3)
  4 unseen horrors
  A hell knight (Volcano)
  10 skeletal warriors
  A salamander mystic (Snake:4)
  A shadow demon (D:7)
  A sea snake (shapeshifter) (Vaults:4)
  4 flayed ghosts
  8 swamp dragons
  4 naga ritualists (Snake:4)
  3 deep trolls (Vaults:3)
  3 glowing orange brains
  3 shambling mangroves
  2 torturous demonspawn (Orc:2)
  2 obsidian statues (D:14)
  7 ironbrand convokers
  A sphinx zombie (Vaults:3)
  13 orc knights
  2 wizards
  A harpy (Vaults:2)
  10 hill giants
  A lindwurm (Lair:5)
  A shadow dragon zombie (Vaults:3)
  A wolf spider zombie (D:13)
  A golden dragon skeleton (Depths:2)
  18 deep elf archers
  7 necromancers
  3 mana vipers
  6 orc sorcerers
  A fire giant zombie (Vaults:4)
  A tengu skeleton (Vaults:4)
  31 ugly things
  A frost giant zombie (Depths:2)
  6 manticores
  54 deep elf magi
  10 cyclopes
  4 wolf spiders
  4 salamanders
  A shining eye (shapeshifter) (Depths:2)
  A sphinx skeleton (Depths:2)
  12 elephants (Lair:6)
  A moth of wrath (shapeshifter) (Vaults:3)
  Joseph (Lair:1)
  A guardian serpent (shapeshifter) (Depths:1)
  A fire giant skeleton (Depths:2)
  3 guardian serpents
  29 naga magi
  18 black mambas
  12 vault sentinels
  2 ice statues (IceCv)
  3 orange demons (Swamp:4)
  A smoke demon (Orc:2)
  3 gargoyles
  A spriggan zombie (Depths:2)
  3 centaur skeletons
  A kobold demonologist (D:14)
  14 spiny frogs
  4 komodo dragons
  An efreet (D:14)
  A yaktaur zombie (Vaults:3)
  4 rime drakes
  A spark wasp simulacrum (Depths:2)
  7 freezing wraiths
  2 spriggan skeletons
  7 ice devils (IceCv)
  56 yaktaurs
  An elf skeleton (Depths:2)
  A human skeleton (Vaults:3)
  A harpy zombie (D:15)
  A queen bee (D:13)
  9 meliai
  9 trolls
  A blink frog (shapeshifter) (Vaults:4)
  5 tyrant leeches
  4 tengu conjurers
  3 polar bears (Lair:6)
  24 two-headed ogres
  A yaktaur skeleton (Depths:1)
  25 hornets
  14 blink frogs
  A wind drake (shapeshifter) (Vaults:2)
  A dream sheep (shapeshifter) (Vaults:2)
  Grinder (D:3)
  41 slime creatures
  10 bog bodies
  8 hippogriffs
  22 spriggans
  The ghost of Nuatha the Skirmisher, an amateur VSAK of Lugonu (D:3)
  3 vampires
  4 large abominations
  13 shadows
  4 wyverns
  10 water elementals
  An air elemental (Elf:1)
  A wraith (D:14)
  3 redbacks
  32 yaks
  An elf zombie (Depths:2)
  Eustachio (D:5)
  A basilisk (shapeshifter) (Elf:1)
  A steam dragon (Lair:5)
  6 fire elementals
  5 hungry ghosts
  A spriggan simulacrum (Depths:2)
  20 vampire mosquitoes
  Menkaure (D:7)
  12 insubstantial wisps
  A warg (Vaults:3)
  4 mottled dragons
  A soldier ant (shapeshifter) (D:15)
  A deep troll zombie (Vaults:3)
  62 nagas
  16 swamp worms
  A soldier ant (D:15)
  12 water moccasins
  2 hell hounds (D:10)
  9 porcupines
  6 swamp drakes
  39 orc warriors
  4 ice beasts
  3 phantoms
  An ettin simulacrum (Depths:2)
  4 sky beasts
  5 black bears
  2 eyes of draining (D:15)
  A hornet zombie (D:14)
  11 boggarts
  3 necrophages
  29 wolves
  A boggart (shapeshifter) (D:15)
  24 centaurs
  50 ogres
  11 crocodiles
  2 human zombies
  12 bullfrogs
  2 big kobolds
  2 gnoll sergeants
  A tengu simulacrum (Depths:1)
  3 earth elementals
  2 scorpions
  29 killer bees
  16 wights
  An electric eel (Lair:6)
  4 howler monkeys
  10 crimson imps
  8 jellies
  A bullfrog skeleton (D:5)
  3 bullfrog zombies
  2 centaur zombies
  23 orc priests
  7 hounds
  32 orc wizards
  Jessica (D:2)
  3 iguanas
  12 worker ants
  A hell rat (Lair:5)
  A hound zombie (D:6)
  16 gnolls
  15 adders
  2 shadow imps
  7 white imps
  8 ufetubi (IceCv)
  6 oozes
  2 worms (D:2)
  3 dart slugs
  6 leopard geckos
  91 orcs
  A ball python (D:5)
  4 bats
  6 giant cockroaches
  6 goblins
  4 hobgoblins
  13 jackals
  13 kobolds
  4 quokkas
  4 frilled lizards
  2 gnoll zombies (D:7)
  8 rats
  A crawling corpse (Elf:3)
  A fungus (D:5)
  2 plants (Lair:6)
1773 creatures vanquished.

Vanquished Creatures (collateral kills)
  A stone giant (Depths:2)
  A fire dragon (Vaults:1)
  A hydra (D:15)
  An ice dragon (Depths:2)
  An orc high priest (Orc:2)
  A naga sharpshooter (Snake:2)
  Sonja (D:15)
  A skeletal warrior (D:15)
  A hill giant (D:14)
  An ugly thing (Depths:2)
  A fire giant zombie (Depths:1)
  A wolf spider (D:15)
  The ghost of anet the Conjurer, a novice VSWz (D:4)
  3 yaktaurs (Vaults:1)
  An efreet (D:15)
  A two-headed ogre (Volcano)
  A slime creature (Vaults:1)
  2 fire elementals (D:15)
  A mottled dragon (D:15)
  3 insubstantial wisps (Swamp:2)
  A hell hound (D:15)
  A quokka (D:4)
27 creatures vanquished.

Vanquished Creatures (others)
  A reaper (IceCv)
  A tengu warrior (D:15)
  A water elemental (Elf:1)
  An orc warrior (Elf:1)
  A wolf (Lair:4)
  4 white imps (IceCv)
  3 ufetubi (IceCv)
  2 briar patches (Swamp:3)
  10 fungi
  4 plants
28 creatures vanquished.

Grand Total: 1828 creatures vanquished

Notes
Turn   | Place    | Note
-------+----------+-------------------------------------------
     0 | D:1      | tsouns the Spriggan Fire Elementalist began the quest for the Orb.
     0 | D:1      | Reached XP level 1. HP: 9/9 MP: 5/5
   132 | D:1      | Reached skill level 3 in Spellcasting
   160 | D:1      | Reached XP level 2. HP: 13/13 MP: 4/7
   416 | D:1      | Reached skill level 1 in Conjurations
   452 | D:1      | Learned a level 2 spell: Throw Flame
   563 | D:2      | Noticed Jessica
   678 | D:2      | Reached XP level 3. HP: 15/16 MP: 6/9
   875 | D:2      | Killed Jessica
   875 | D:2      | Reached skill level 4 in Spellcasting
   875 | D:2      | Reached XP level 4. HP: 14/21 MP: 11/11
   923 | D:2      | Learned a level 3 spell: Conjure Flame
  1267 | D:2      | Found a shadowy altar of Dithmenos.
  1275 | D:2      | Became a worshipper of Dithmenos the Shadowed
  1523 | D:3      | Fell from the grace of Dithmenos
  1693 | D:3      | Reached XP level 5. HP: 21/24 MP: 12/12
  1830 | D:3      | Noticed Grinder
  2054 | D:3      | Noticed a shadow demon
  2054 | D:3      | Noticed a shadow
  2054 | D:3      | Noticed a shadow
  2184 | D:3      | Killed Grinder
  2184 | D:3      | Reached skill level 1 in Shields
  2184 | D:3      | Reached XP level 6. HP: 28/28 MP: 3/14
  2273 | D:2      | Learned a level 4 spell: Sticky Flame
  2295 | D:2      | Noticed a shadow
  2295 | D:2      | Noticed a shadow demon
  2295 | D:2      | Noticed a shadow demon
  2295 | D:2      | Noticed a shadow
  2314 | D:3      | Noticed a hellwing
  2551 | D:4      | Reached skill level 5 in Spellcasting
  2745 | D:4      | Reached XP level 7. HP: 32/32 MP: 13/15
  2801 | D:4      | Learned a level 2 spell: Repel Missiles
  2805 | D:4      | Learned a level 2 spell: Blink
  2808 | D:4      | Learned a level 2 spell: Call Imp
  2885 | D:4      | Noticed anet's ghost (novice VSWz)
  2929 | D:4      | Killed anet's ghost
  3159 | D:4      | Noticed a shadow
  3159 | D:4      | Noticed a shadow demon
  3159 | D:4      | Noticed a shadow demon
  3226 | D:3      | Noticed Nuatha's ghost (amateur VSAK)
  3267 | D:3      | Killed a shadow
  3268 | D:3      | Killed Nuatha's ghost
  3284 | D:3      | Noticed a hellwing
  3284 | D:3      | Noticed an ice devil
  3285 | D:3      | Noticed a chaos spawn
  3418 | D:4      | Noticed a shadow demon
  3418 | D:4      | Noticed a shadow
  3418 | D:4      | Noticed a shadow demon
  3420 | D:4      | Noticed a ynoxinul
  3449 | D:5      | Entered Level 5 of the Dungeon
  3567 | D:5      | Reached skill level 6 in Spellcasting
  3567 | D:5      | Reached XP level 8. HP: 36/36 MP: 15/18
  3744 | D:5      | Noticed Eustachio
  3881 | D:5      | Killed Eustachio
  4050 | D:5      | Reached skill level 5 in Stealth
  4307 | D:6      | Got a brightly glowing hand crossbow
  4308 | D:6      | Identified the +9 hand crossbow of the Many Ships {penet, rElec rF+ Dex+4} (You found it on level 6 of the Dungeon)
  4323 | D:6      | Reached skill level 7 in Spellcasting
  4323 | D:6      | Reached skill level 5 in Fire Magic
  4374 | D:6      | Gained mutation: Your spells are a little harder to cast, but a little more powerful. [potion of beneficial mutation]
  4375 | D:6      | Gained mutation: You evolve. [potion of beneficial mutation]
  4378 | D:6      | Found a snail-covered altar of Cheibriados.
  4652 | D:6      | Reached XP level 9. HP: 39/39 MP: 17/21
  4853 | D:6      | Noticed a four-headed hydra
  4869 | D:6      | Found a sparkling altar of Nemelex Xobeh.
  4904 | D:7      | Noticed a shadow demon
  5067 | D:6      | Found an opulent altar of Gozag.
  5196 | D:6      | Found a sparkling altar of Nemelex Xobeh.
  5196 | D:6      | Found a blossoming altar of Fedhas.
  5205 | D:6      | Found a faded altar of an unknown god.
  5207 | D:6      | Found a shattered altar of Ashenzari.
  5208 | D:6      | Found a hide-covered altar of Uskayaw.
  5215 | D:6      | Became a worshipper of Ashenzari the Shackled
  5363 | D:6      | Reached skill level 8 in Spellcasting
  5554 | D:7      | Found a staircase to the Ecumenical Temple.
  5640 | D:7      | Noticed Menkaure
  5643 | D:7      | Killed Menkaure
  5655 | D:7      | Reached skill level 5 in Conjurations
  5996 | D:7      | Found a basalt altar of Yredelemnul.
  6030 | D:7      | Found a shimmering altar of Xom.
  6037 | D:7      | Found an iron altar of Okawaru.
  6100 | D:7      | Reached * piety under Ashenzari
  6627 | D:7      | Reached skill level 9 in Spellcasting
  6628 | D:7      | Noticed an orange demon
  6784 | D:7      | Noticed an ice devil
  6784 | D:7      | Noticed an orange demon
  6789 | D:7      | Noticed a sun demon
  6930 | D:7      | Noticed a rust devil
  6936 | D:7      | Noticed a rust devil
  6936 | D:7      | Noticed an orange demon
  6945 | D:7      | Killed a shadow demon
  7019 | D:7      | Identified the +0 leather armour "Pimoot" {+Fly rPois}
  7038 | D:7      | Reached XP level 10. HP: 44/44 MP: 24/24
  7045 | D:7      | Learned a level 5 spell: Fireball
  7049 | D:7      | Learned a level 3 spell: Mephitic Cloud
  7718 | D:8      | Found a blossoming altar of Fedhas.
  7912 | D:8      | Reached skill level 1 in Armour
  8245 | D:8      | Was forgiven by Dithmenos
  8424 | D:8      | Reached ** piety under Ashenzari
  8496 | D:8      | Found a glowing golden altar of the Shining One.
  8496 | D:8      | Found a white marble altar of Elyvilon.
  8497 | D:8      | Found a glowing silver altar of Zin.
  8813 | D:9      | Reached skill level 5 in Dodging
  8959 | D:9      | Gained mutation: Your muscles are strong. (Str +2) [evolution]
  9304 | D:9      | Learned a level 3 spell: Tukima's Dance
  9458 | D:10     | Entered Level 10 of the Dungeon
  9458 | D:10     | Noticed a hill giant
  9467 | D:10     | Killed a hill giant
  9526 | D:10     | Noticed a hill giant
  9574 | D:10     | Reached skill level 1 in Evocations
  9736 | D:10     | Noticed Erica
  9750 | D:10     | Killed Erica
  9750 | D:10     | Reached skill level 1 in Fighting
 10085 | D:10     | Reached XP level 11. HP: 49/49 MP: 24/25
 10102 | D:10     | Found a staircase to the Lair.
 10387 | D:10     | Noticed a hill giant
 10399 | D:10     | Killed a hill giant
 10418 | D:10     | Noticed Snorg
 10472 | D:10     | Found a staircase to the Orcish Mines.
 10792 | D:10     | Killed a hill giant
 10870 | Lair:1   | Entered Level 1 of the Lair of Beasts
 11071 | Lair:1   | Reached skill level 10 in Spellcasting
 11482 | Lair:1   | Noticed Fannar
 11488 | Lair:1   | Killed Fannar
 11587 | Lair:1   | Noticed Joseph
 11598 | Lair:1   | Killed Joseph
 11825 | Lair:1   | Noticed a four-headed hydra
 11847 | Lair:1   | Killed a four-headed hydra
 12237 | Lair:1   | Reached *** piety under Ashenzari
 12276 | Lair:1   | Noticed a six-headed hydra
 12282 | Lair:1   | Killed a six-headed hydra
 12762 | Lair:2   | Reached skill level 11 in Spellcasting
 12878 | Lair:2   | Reached XP level 12. HP: 43/58 MP: 4/28
 13066 | Lair:2   | Reached skill level 1 in Hexes
 13114 | Lair:2   | Reached skill level 1 in Air Magic
 13390 | Lair:2   | Found a staircase to the Snake Pit.
 13604 | Lair:3   | Reached skill level 1 in Translocations
 13646 | Lair:3   | Reached skill level 1 in Charms
 13665 | Lair:3   | Reached skill level 1 in Poison Magic
 13864 | Lair:3   | Found a radiant altar of Vehumet.
 13876 | Lair:3   | Noticed a six-headed hydra
 13889 | Lair:3   | Killed a six-headed hydra
 13889 | Lair:3   | Reached skill level 1 in Summonings
 14051 | Lair:3   | Reached **** piety under Ashenzari
 14214 | Lair:3   | Identified a scroll of acquirement
 14215 | Lair:3   | Got the cursed buckler "Tazxidd" {rCorr Slay+3 SInv}
 14222 | Lair:3   | Identified the cursed +1 buckler "Tazxidd" {rCorr Slay+3 SInv} (You acquired it on level 3 of the Lair of Beasts)
 14224 | Lair:3   | Gained mutation: Your spells are harder to cast, but more powerful. [evolution]
 14643 | Lair:4   | Found a staircase to the Swamp.
 14667 | Lair:4   | Reached skill level 5 in Fighting
 15728 | Lair:5   | Reached skill level 5 in Shields
 15789 | Lair:5   | Found a dark tunnel.
 15794 | Lair:5   | Reached skill level 12 in Spellcasting
 15865 | Volcano  | Entered a volcano
 15905 | Volcano  | Noticed an ogre mage
 15918 | Volcano  | Killed an ogre mage
 15937 | Volcano  | Upgraded the game from 0.19-a0-1895-g783e625 to 0.19-a0-1907-gcff654f
 16115 | Lair:5   | Reached ***** piety under Ashenzari
 16150 | Lair:5   | Reached skill level 1 in Crossbows
 16627 | Lair:6   | Entered Level 6 of the Lair of Beasts
 16640 | Lair:6   | Learned a level 3 spell: Inner Flame
 16644 | Lair:6   | Learned a level 3 spell: Confuse
 16761 | Lair:6   | Reached XP level 13. HP: 64/64 MP: 17/30
 16876 | Lair:6   | Found a frozen archway.
 16892 | IceCv    | Entered an ice cave
 17602 | IceCv    | Killed a reaper
 17780 | IceCv    | Got the falchion "Xoabboxi" {holy, Str+7}
 17787 | IceCv    | Got the demon blade "Silefis" {antimagic, rPois MR+}
 17799 | IceCv    | Identified the +4 falchion "Xoabboxi" {holy, Str+7} (You found it in an ice cave)
 17800 | IceCv    | Identified the +6 demon blade "Silefis" {antimagic, rPois MR+} (You found it in an ice cave)
 18483 | Lair:6   | Reached skill level 13 in Spellcasting
 18693 | Lair:6   | Reached skill level 10 in Stealth
 18963 | Lair:6   | Noticed p0werm0de's ghost (journeyman OpAr)
 18972 | Lair:6   | Reached skill level 5 in Evocations
 18986 | Lair:6   | Killed p0werm0de's ghost
 19390 | Lair:6   | Found a staircase to the Slime Pits.
 19456 | Lair:6   | Reached skill level 5 in Crossbows
 20037 | Orc:1    | Entered Level 1 of the Orcish Mines
 20294 | Orc:1    | Found a roughly hewn altar of Beogh.
 20305 | Orc:1    | Reached XP level 14. HP: 70/70 MP: 27/32
 20398 | Orc:1    | Gained mutation: You possess an exceptional clarity of mind. [evolution]
 20400 | Orc:2    | Entered Level 2 of the Orcish Mines
 20419 | Orc:2    | Found Suckepi's Book Shoppe.
 21183 | Orc:2    | Found Gosim's Magic Scroll Shop.
 21185 | Orc:2    | Found Faradd's Distillery.
 21457 | Orc:2    | Bought a scroll of identify for 32 gold pieces
 21457 | Orc:2    | Bought a scroll of teleportation for 48 gold pieces
 21457 | Orc:2    | Bought a scroll of teleportation for 48 gold pieces
 21457 | Orc:2    | Bought a scroll of enchant armour for 120 gold pieces
 21461 | Orc:2    | Bought a potion of heal wounds for 75 gold pieces
 21461 | Orc:2    | Bought a potion of heal wounds for 75 gold pieces
 21461 | Orc:2    | Bought 2 potions of flight for 90 gold pieces
 21461 | Orc:2    | Bought a potion of brilliance for 60 gold pieces
 21461 | Orc:2    | Bought a potion of brilliance for 60 gold pieces
 21461 | Orc:2    | Bought a potion of agility for 60 gold pieces
 21839 | Orc:2    | Found a bloodstained altar of Trog.
 21884 | Orc:2    | Found a staircase to the Elven Halls.
 22001 | Orc:2    | Reached skill level 1 in Short Blades
 22670 | Orc:2    | Reached skill level 14 in Spellcasting
 23018 | Orc:2    | Found Leuf's Book Emporium.
 23018 | Orc:2    | Found Nuxoetyrey's Antique Weapon Shoppe.
 23018 | Orc:2    | Found a one-way gate leading to the halls of Pandemonium.
 23022 | Orc:2    | Bought a crude arbalest for 275 gold pieces
 23027 | Orc:2    | Identified the +11 arbalest "Niresh" {venom, rC+ rN+ SInv} (You bought it in a shop on level 2 of the Orcish Mines)
 23029 | Orc:2    | Bought a book of Power for 495 gold pieces
 23035 | Orc:2    | Learned a level 5 spell: Bolt of Magma
 23196 | Orc:2    | Bought a scroll of amnesia for 56 gold pieces
 23256 | D:11     | Noticed kae's ghost (journeyman FoFi)
 23261 | D:11     | Killed kae's ghost
 24909 | D:12     | Identified the +7 chain mail of the Special Souls {rF- Str+4 Dex+3}
 25001 | D:12     | Reached ****** piety under Ashenzari
 25119 | D:12     | Reached skill level 15 in Spellcasting
 25587 | D:13     | Identified the +0 chain mail of Slovenliness {-Tele +Fly rC+}
 26123 | D:13     | Reached XP level 15. HP: 75/75 MP: 11/35
 26191 | D:13     | Noticed Frances
 26285 | D:13     | Killed Frances
 26708 | D:13     | Found Muerchab's Jewellery Shoppe.
 26713 | D:13     | Bought the ring "Jiohuat" {Wiz Int+4} for 635 gold pieces
 27222 | D:14     | Found a gate to the Vaults.
 27436 | D:14     | Reached skill level 16 in Spellcasting
 28420 | D:14     | Identified the ring "Irhaif" {*Tele Str-3 Dex+2 Stlth+}
 28665 | D:14     | Learned a level 7 spell: Spellforged Servitor
 28666 | D:15     | Entered Level 15 of the Dungeon
 28851 | D:15     | Found a staircase to the Depths.
 28855 | D:15     | Reached skill level 5 in Summonings
 29569 | D:15     | Reached skill level 17 in Spellcasting
 29879 | D:15     | Found a bloodstained altar of Trog.
 29899 | D:15     | Identified the ring of Twilight {Ice rElec Str+4}
 29958 | D:15     | Found a bloodstained altar of Trog.
 29966 | D:15     | Noticed an iron dragon
 29987 | D:15     | Reached XP level 16. HP: 80/80 MP: 0/38
 30158 | D:15     | Upgraded the game from 0.19-a0-1907-gcff654f to 0.19-a0-1908-g43c011f
 30179 | D:15     | Noticed Sonja
 30390 | D:15     | Reached skill level 10 in Conjurations
 30390 | D:15     | Reached XP level 17. HP: 84/84 MP: 39/39
 30391 | D:15     | Reached XP level 18. HP: 90/90 MP: 40/40
 30400 | D:15     | Learned a level 7 spell: Orb of Destruction
 30424 | D:15     | Identified the ring of Ru's Delight {rF+ rC- Dex+7 Slay+2} (You took it off a skeletal warrior on level 15 of the Dungeon)
 31105 | D:15     | Gained mutation: Your movements are slightly less encumbered by armour. (ER -2) [evolution]
 31225 | D:15     | Identified the ring "Uhanamm" {rCorr MR+ Dex+3}
 31329 | D:15     | Identified the cursed +1 short sword of the Whelk {venom, +Blink rElec rC- Int+2} (You took it off a yaktaur on level 15 of the Dungeon)
 31337 | D:15     | Killed Sonja
 31386 | D:15     | Found a sacrificial altar of Ru.
 31427 | D:15     | Noticed Azrael
 31435 | D:15     | Killed Azrael
 31857 | Snake:1  | Entered Level 1 of the Snake Pit
 32464 | Snake:1  | Reached skill level 18 in Spellcasting
 33024 | Snake:2  | Reached skill level 1 in Earth Magic
 33690 | Snake:2  | Noticed Nikola
 33704 | Snake:2  | Killed Nikola
 34335 | Snake:3  | Identified the +7 rapier "Voytuc" {freeze, +Blink MR- Dex+4}
 34983 | Snake:4  | Entered Level 4 of the Snake Pit
 35649 | Snake:4  | Reached skill level 10 in Dodging
 35867 | Swamp:1  | Entered Level 1 of the Swamp
 36995 | Swamp:2  | Noticed Louise
 36997 | Swamp:2  | Killed Louise
 37093 | Swamp:2  | Reached XP level 19. HP: 82/98 MP: 27/42
 37277 | Swamp:1  | Gained mutation: You have sharp fingernails. [evolution]
 37970 | Swamp:2  | Upgraded the game from 0.19-a0-1908-g43c011f to 0.19-a0-1920-g83281cb
 38056 | Swamp:3  | Gained mutation: You are resistant to electric shocks. (rElec) [potion of beneficial mutation]
 38380 | Swamp:3  | Identified the cursed +1 cloak of the Okapi {rPois rF+ rN+} (You acquired it on level 3 of the Swamp)
 38443 | Swamp:3  | Reached skill level 10 in Fighting
 38907 | Swamp:4  | Entered Level 4 of the Swamp
 39902 | Swamp:4  | Reached skill level 19 in Spellcasting
 41038 | Swamp:4  | Got a decaying rune of Zot
 42418 | Vaults:1 | Entered Level 1 of the Vaults
 42771 | Vaults:1 | Reached skill level 15 in Stealth
 42825 | Vaults:1 | Noticed a lich
 42829 | Vaults:1 | Killed a lich
 43386 | Vaults:1 | Found Xoelar's Magic Scroll Shop.
 43477 | Vaults:1 | Reached skill level 5 in Armour
 43774 | Vaults:1 | Reached XP level 20. HP: 104/104 MP: 37/44
 44032 | Vaults:1 | Noticed Donald
 44163 | Vaults:1 | Killed Donald
 44659 | Vaults:2 | Gained mutation: You have an increased reservoir of magic. (+10% MP) [evolution]
 44852 | Vaults:2 | Identified the ring of Trog's Favour {Fire Str+3}
 45224 | Vaults:2 | Reached skill level 20 in Spellcasting
 45620 | Vaults:2 | Found a staircase to the Crypt.
 45903 | Vaults:2 | Found Didyesamm's Assorted Antiques.
 45911 | Vaults:2 | Bought a potion of heal wounds for 205 gold pieces
 45911 | Vaults:2 | Bought a scroll of enchant armour for 307 gold pieces
 45927 | Vaults:2 | Noticed a bone dragon
 45957 | Vaults:2 | Killed a bone dragon
 46192 | Vaults:3 | Identified the cursed amulet "Fofef" {Harm *Drain rElec Int+4 SInv} (You acquired it on level 3 of the Vaults)
 46220 | Vaults:3 | Noticed Bai Suzhen
 46227 | Vaults:3 | Killed Bai Suzhen
 47771 | Vaults:3 | HP: 1/107 [flayed ghost (13)]
 48266 | Vaults:3 | Found a glowing golden altar of the Shining One.
 48273 | Vaults:3 | Found Macs's Weapon Emporium.
 48346 | Vaults:3 | Identified the +0 leather armour of Tiuhonat {+Blink}
 48442 | Vaults:4 | Reached skill level 15 in Dodging
 48616 | Vaults:4 | Reached XP level 21. HP: 110/112 MP: 45/50
 49108 | Vaults:4 | Upgraded the game from 0.19-a0-1920-g83281cb to 0.19-a0-1922-g1e9a4c1
 51780 | Snake:4  | Got a serpentine rune of Zot
 52042 | D:10     | Killed Snorg
 52127 | Elf:1    | Entered Level 1 of the Elven Halls
 52440 | Elf:1    | Reached skill level 15 in Fighting
 52450 | Elf:1    | HP: 3/117 [Hell Sentinel/damnation[a deep elf demonologist] (64)]
 53227 | Elf:1    | Identified the cursed +2 battleaxe "Xanogehe" {venom, rN++ Str+6} (You took it off a deep elf demonologist on level 1 of the Elven Halls)
 53384 | Elf:1    | Reached XP level 22. HP: 122/122 MP: 37/51
 53475 | Elf:1    | Noticed Aizul
 53480 | Elf:1    | Killed Aizul
 54107 | Elf:2    | Found a huge runed gate.
 54107 | Elf:2    | Found a huge runed gate.
 54108 | Elf:2    | Found a huge runed gate.
 54110 | Elf:2    | Found a huge runed gate.
 54113 | Elf:2    | Found a huge runed gate.
 54594 | Elf:3    | Entered Level 3 of the Elven Halls
 54594 | Elf:3    | Identified the +0 ring mail of Zin's Displeasure {rCorr Int+7 Dex-3}
 55136 | Elf:3    | Learned a level 3 spell: Regeneration
 55372 | Elf:3    | Gained mutation: You have a somewhat thin skeletal structure. (Dex +2, Stealth) [evolution]
 55680 | Elf:3    | Identified the +8 short sword of the Purse {flame, *Drain rElec MR+ Dex+5} (You took it off a deep elf sorcerer on level 3 of the Elven Halls)
 55694 | Elf:3    | Identified the cursed +2 halberd of Fikkegh {elec, rPois Int+2} (You took it off a deep elf sorcerer on level 3 of the Elven Halls)
 55904 | Elf:3    | Identified the +1 leather armour of Oblivion {*Corrode rF+ Stlth+} (You took it off a deep elf death mage on level 3 of the Elven Halls)
 56078 | Elf:3    | Gained mutation: You have very sharp teeth. [potion of beneficial mutation]
 56129 | Elf:3    | Identified the +4 rapier "Guinuaq" {pierce, Int+9} (You took it off a deep elf death mage on level 3 of the Elven Halls)
 56132 | Elf:3    | Identified the +9 hunting sling of Gloom {venom, *Slow rPois Int+4}
 56136 | Elf:3    | Identified the +9 shortbow of the Tundras {venom, Dex+2}
 56148 | Elf:3    | Identified the Almanac of the Mutagenic Oath
 56172 | Elf:3    | Learned a level 6 spell: Shadow Creatures
 56194 | Elf:3    | Identified the +2 chain mail "Aliciam" {Slay+2}
 56198 | Elf:3    | Identified the Handbook of Boosting Weightlessness
 56218 | Elf:3    | Upgraded the game from 0.19-a0-1922-g1e9a4c1 to 0.19-a0-1932-g59670f6
 56303 | Elf:3    | Reached skill level 1 in Necromancy
 56622 | Depths:1 | Entered Level 1 of the Depths
 56631 | Depths:1 | Noticed the Enchantress
 56633 | Depths:1 | Noticed Asterion
 56767 | Depths:1 | Identified the cursed +1 robe "Kamoume" {Str+6}
 56776 | Depths:1 | Reached skill level 21 in Spellcasting
 56777 | Depths:1 | Killed the Enchantress
 56777 | Depths:1 | Identified the +3 faerie dragon scales {rF+ MR++ Str+2} (You took it off the Enchantress on level 1 of the Depths)
 56782 | Depths:1 | Killed Asterion
 56797 | Depths:1 | Reached skill level 22 in Spellcasting
 57571 | D:15     | Reached XP level 23. HP: 123/128 MP: 55/55
 57756 | Depths:1 | Reached skill level 23 in Spellcasting
 58098 | Depths:1 | Found a gateway to Hell.
 58501 | Depths:2 | Reached skill level 24 in Spellcasting
 58574 | Depths:2 | Gained mutation: You are agile. (Dex +2) [evolution]
 59968 | Depths:2 | Noticed a caustic shrike
 59978 | Depths:2 | HP: 2/128 [caustic shrike (27)]
 59978 | Depths:2 | Splashed by a caustic shrike's acid

Vault maps used:
D:1:      minmay_arrival_four_circles
D:2:      lemuel_coloured_pillars_altar, kennysheep_doodads, uniq_jessica
D:3:      first_bread, uniq_grinder
D:5:      minmay_gold_behind_fungi, uniq_eustachio
D:6:      lemuel_crystal_altar, chequers_temple_overflow_minitemple,
          basic_altar, nicolae_gozag_cash_rules_everything_around_me
D:7:      nicolae_overflow_hidden_temple, lemuel_zombie_altar_yredelemnul,
          uniq_menkaure
D:8:      good_gods_temple_1, hangedman_little_slice_of_home, fedhas_altar_3
D:9:      minmay_misc_feat_more_columns
D:10:     minmay_lair_entry_lava, orc_0_dummy, uniq_snorg, uniq_erica
D:11:     nrook_guardian_serpent_snake_passage, kennysheep_small_square
D:12:     hangedman_decor_diamond_cutter, lightli_fourway_metalbox
D:13:     serial_shops, kennysheep_little_box, uniq_frances
D:14:     lightli_vaults_fourway_checkpoint, minivault_4, minmay_more_statues
D:15:     hangedman_spin_cycle, uniq_azrael, uniq_sonja
Lair:1:   hangedman_lair_unloving_vines, beast_lair_carwin_7, uniq_joseph,
          uniq_fannar
Lair:2:   minmay_snake_entry_guardpost_medium, grunt_megastairs_3
Lair:3:   basic_altar
Lair:4:   minmay_swamp_entry_wisps
Lair:5:   nicolae_volcano_entry_vermiform
Lair:6:   minmay_lair_end_enchanted_forest, minmay_slime_entry_pillars,
          portal_ice_cave_entry_pillars_2, serial_bayou_ford_a,
          serial_bayou_shore_b
Swamp:1:  evilmike_swamp_ruin_rubble_1
Swamp:2:  nicolae_swamp_little_tower, uniq_louise
Swamp:3:  evilmike_swamp_ruin_wall
Swamp:4:  swamp_vile, kb_tengu_band
Snake:2:  uniq_nikola
Snake:4:  snake_pit
Orc:1:    basic_altar
Orc:2:    pf_orc_diabolical, basic_altar, serial_shops,
          nicolae_shop_behind_doors
Elf:1:    elf_arrival_002, orc_legates, spider_trap, uniq_aizul
Elf:3:    minmay_elf_hall_x, solitary_fountain, basic_stair_grate_trap
Vaults:1: vaults_room_pool, nicolae_vaults_puzzle_piece, st_check,
          nicolae_vaults_yaktaur_gun_rack, v_misc_32,
          hangedman_vaults_river_flow, grunt_vaults_funnel,
          nicolae_vaults_circle_grid_b, v_misc_13, vaults_room_large_hall,
          hangedman_vaults_stitches, ontoclasm_vaults_gateway, serial_shops,
          nicolae_shop_crystal, uniq_donald
Vaults:2: v_misc_29, nicolae_vaults_an_arrangement,
          ontoclasm_vaults_claustrophobia, minmay_crypt_entry_nasty_monster,
          nicolae_vaults_network_periphery, v_misc_10, grunt_vaults_swirl,
          nicolae_vaults_windows_and_doors_thing, grunt_vaults_trifunnel,
          ontoclasm_vaults_twist, grunt_vaults_focal, serial_shops,
          nicolae_shop_crystal
Vaults:3: hangedman_vaults_restitches, vaults_room_grid, vaults_mumra_hexcomb,
          nicolae_vaults_big_ls, nicolae_vaults_rhombus_5, vaults_room_corners,
          basic_altar, serial_shops, shop, uniq_bai_suzhen
Vaults:4: nicolae_vaults_quartermaster, dpeg_vaults_monster_box,
          hangedman_vaults_locks, vaults_room_corners,
          nicolae_vaults_little_squares_6, dpeg_vaults_monster_row,
          grunt_vaults_hallway_long, nicolae_vaults_border_crossing,
          v_pattern_3, ontoclasm_vaults_shuriken
Depths:1: hell_entry, minmay_misc_feat_roman, minmay_misc_feat_pillars,
          st_stairs_3, kennysheep_generic_room_2, uniq_enchantress,
          uniq_asterion
Depths:2: hangedman_box_tower, minmay_misc_feat_tower, hell_entry,
          rand_demon_pan_entry_5, hangedman_decor_growths, lemuel_flamethrower_2
IceCv:    ice_cave_small_demon
Volcano:  volcano_pools

Skill      XL: |  1  2  3  4  5  6  7  8  9 10 11 12 13 14 15 16 17 18 19 20 21 22 23 |
---------------+----------------------------------------------------------------------+-----
Spellcasting   | 3 4 5 6 7 9 11 12 13 15 17 18 19 20 22 24 | 24.8
Conjurations   | 1 2 3 4 5 6 7 8 9 10 11 12 | 12.2
Fire Magic     | 3 4 5 6 7 8 9 |  9.8
Shields        | 1 2 3 4 5 |  5.8
Stealth        | 6 9 11 13 15 16 17 | 17.0
Dodging        | 6 7 8 10 12 15 17 18 | 18.9
Armour         | 2 3 4 5 6 |  6.1
Evocations     | 2 3 6 7 |  7.7
Fighting       | 1 4 5 6 7 9 10 12 15 16 | 16.0
Hexes          | 3 |  3.0
Air Magic      | 1 |  1.6
Translocations | 1 |  1.7
Charms         | 2 |  2.0
Poison Magic   | 1 |  1.4
Summonings     | 1 3 6 |  6.6
Crossbows      | 1 5 6 |  6.5
Short Blades   | 2 |  2.4
Earth Magic    | 2 |  2.0
Necromancy     | 2 |  2.2

Action                   |  1- 3 |  4- 6 |  7- 9 | 10-12 | 13-15 | 16-18 | 19-21 | 22-24 || total
-------------------------+-------+-------+-------+-------+-------+-------+-------+-------++-------
Melee: Mace              |     2 |       |       |       |       |       |       |       ||     2
       Dagger            |     7 |     2 |   131 |    23 |    25 |       |       |       ||   188
       Staff             |       |       |     8 |    10 |       |       |       |       ||    18
       Falchion          |       |       |       |       |    24 |       |       |       ||    24
       Hand crossbow     |       |       |       |       |     2 |       |       |       ||     2
 Fire: Hand crossbow     |       |       |    11 |    47 |   127 |   122 |   292 |   113 ||   712
Throw: Throwing net      |       |       |       |     1 |       |       |       |       ||     1
 Cast: Flame Tongue      |    33 |    32 |   138 |   168 |   322 |    12 |     4 |     2 ||   711
       Throw Flame       |    12 |    55 |   181 |   252 |   233 |    29 |       |       ||   762
       Sticky Flame      |       |     1 |    12 |    61 |   168 |    27 |    41 |    14 ||   324
       Call Imp          |       |       |     4 |     5 |     4 |       |       |       ||    13
       Conjure Flame     |       |       |     7 |    12 |     8 |       |     2 |       ||    29
       Blink             |       |       |     4 |     1 |       |       |       |       ||     5
       Repel Missiles    |       |       |     2 |       |     5 |     1 |     2 |     1 ||    11
       Fireball          |       |       |       |    30 |   175 |   178 |   583 |   227 ||  1193
       Tukima's Dance    |       |       |       |     8 |     1 |     2 |     1 |       ||    12
       Mephitic Cloud    |       |       |       |     4 |       |       |       |       ||     4
       Bolt of Magma     |       |       |       |       |    37 |    61 |   133 |    92 ||   323
       Confuse           |       |       |       |       |     2 |     7 |     3 |     3 ||    15
       Spellforged Servi |       |       |       |       |       |     4 |     3 |     3 ||    10
       Orb of Destructio |       |       |       |       |       |     1 |     1 |       ||     2
Invok: Curse Item        |       |       |     3 |     1 |     2 |     1 |       |       ||     7
Evoke: Wand              |       |       |     1 |       |     1 |     1 |     1 |       ||     4
       Lamp of fire      |       |       |       |       |       |       |       |     1 ||     1
       Box of beasts     |       |       |       |       |       |       |       |     1 ||     1
  Use: Scroll            |       |     7 |     7 |    16 |    12 |     3 |     6 |     4 ||    55
       Potion            |       |       |     2 |     1 |     3 |     2 |     1 |     7 ||    16
 Stab: Sleeping          |     1 |     1 |     4 |       |       |       |       |       ||     6
       Confused          |       |       |       |       |     1 |       |       |       ||     1
  Eat: Bread ration      |       |     1 |     1 |       |     1 |       |       |       ||     3
       Royal jelly       |       |       |       |     4 |     8 |     1 |     5 |     2 ||    20
       Pizza             |       |       |       |     1 |       |     4 |     2 |       ||     7
Armor: Robe              |     1 |     5 |    16 |       |       |       |       |       ||    22
       Mottled dragon sc |       |       |       |    23 |    34 |     8 |    20 |     9 ||    94
Dodge: Dodged            |    11 |    28 |   122 |   117 |   255 |    98 |   255 |   141 ||  1027
       Deflected         |       |       |     3 |     2 |    12 |    15 |    31 |     3 ||    66
Block: Buckler           |       |     4 |    40 |    43 |   193 |    49 |   146 |    84 ||   559
       Rpst.: Falchion   |       |       |       |       |    12 |       |       |       ||    12
